 Dungeon Crawl Stone Soup version 0.27-a0-1442-g87b6fcb595 (webtiles) character file.

Game seed: 16092323848365423043

44 lmSkywalker the Insei (level 3, -3/23 HPs)
             Began as an Octopode Transmuter on July 5, 2021.
             Slain by a gnoll (5 damage)
             ... on level 2 of the Dungeon.
             The game lasted 00:04:57 (1799 turns).

lmSkywalker the Insei (Octopode Transmuter)         Turns: 1799, Time: 00:04:58

Health: -3/23      AC:  1    Str:  9    XL:     3   Next: 62%
Magic:  3/6        EV: 13    Int: 16    God:
Gold:   136        SH:  0    Dex: 12    Spells: 3/6 levels left

rFire    . . .     SeeInvis .     - Unarmed
rCold    . . .     Faith    .   (no shield)
rNeg     . . .     Spirit   .   (helmet currently unavailable)
rPois    .         Reflect  .   (no amulet)
rElec    .         Harm     .   (no ring)
rCorr    .         Rampage  .   (no ring)
Will     .....                  (no ring)
Stlth    +++.......             (no ring)
HPRegen  0.07/turn              (no ring)
MPRegen  0.10/turn              (no ring)
                                (no ring)
                                (no ring)

@: lethally poisoned (-3 -> -4), appendages, wereblooded
A: tentacle spike 3, almost no armour, amphibious, 8 rings, camouflage 1,
gelatinous body 1, (nimble swimmer 1), tentacles
a: End Transformation


You were on level 2 of the Dungeon.
One of your tentacles had grown a beastly spike.
You visited 1 branch of the dungeon, and saw 2 of its levels.

You collected 136 gold pieces.

Inventory:

Hand Weapons
 a - a +0 hunting sling
Missiles
 b - 82 stones
 f - 13 poisoned darts (quivered)
Armour
 d - a +0 hat (melded)
Scrolls
 c - a scroll of identify {unknown}
 e - a scroll of teleportation {unknown}
 h - a scroll of fog {unknown}
Potions
 g - a potion of mutation {unknown}


   Skills:
 - Level 1.0 Fighting
 + Level 2.4 Dodging
 + Level 1.9 Stealth
 + Level 3.3 Unarmed Combat
 - Level 2.2 Spellcasting
 + Level 2.5 Transmutations


You had 3 spell levels left.
You knew the following spells:

 Your Spells              Type           Power      Damage    Failure   Level
a - Beastly Appendage     Tmut           18%        N/A       7%          1
b - Wereblood             Tmut           9%         N/A       11%         2

Your spell library contained the following spells:

 Spells                   Type           Power      Damage    Failure   Level
 Spider Form              Tmut/Pois      2%         N/A       34%         3
 Ice Form                 Ice/Tmut       5%         N/A       75%         4


Dungeon Overview and Level Annotations

Branches:
Dungeon (2/15)

Altars:


Innate Abilities, Weirdness & Mutations

One of your tentacles has grown a beastly spike.
You cannot wear most types of armour.
You are amphibious.
You can wear up to eight rings at the same time.
Your skin changes colour to match your surroundings (Stealth+).
Your rubbery body absorbs attacks. (AC +1, EV +1)
((You are camouflaged near water. (Stealth+)))
You have tentacles for arms and can constrict up to eight enemies at once.


Message History

The ball python hisses angrily.
You see here a scroll labelled ZECILI BO CIARR.
You barely miss the ball python. Your grab misses the ball python.
You squeeze the ball python.
You kill the ball python!
Your transformation is almost over.
No target in view!
h - a scroll labelled ZECILI BO CIARR Your tentacle spike disappears.
Your +0 hat unmelds from your body.
You now have 136 gold pieces (gained 18).
An adder comes into view.
You throw a poisoned dart. The poisoned dart hits the adder.
The adder is poisoned.
The adder hisses angrily.
You hear a shout!
An adder comes into view.
A gnoll comes into view. It is wielding a +0 spear.
The gnoll shouts!
The adder hisses angrily.
The adder looks more healthy.
Casting: Beastly Appendage (safe; 7% risk of failure)
Confirm with . or Enter, or press ? or * to list all spells.
One of your tentacles grows a vicious spike.
Your +0 hat melds into your body.
The adder bites you.
You are poisoned.
The adder poisons you! The adder barely misses you.
You feel sick. The adder completely misses you.
You closely miss the adder. Your grab misses the adder.
The adder is heavily wounded.
You feel sick. The adder closely misses you.
Casting: Beastly Appendage (safe; 7% risk of failure)
Confirm with . or Enter, or press ? or * to list all spells.
Your blood is infused with primal strength.
You feel sick. The adder bites you.
The gnoll hits you from afar with a +0 spear!
* * * LOW HITPOINT WARNING * * *
The adder barely misses you.
* * * LOW HITPOINT WARNING * * *
You feel sick.
The gnoll hits you from afar with a +0 spear.
You die... #.( ##.## #gS

#.#. #.# #.#. #.#
#)#. ####.#### ##.#.
#.......# #....
#.......# #....
#......g##########
#....
#.......S@.......#
#....
###.....########.###
#.... #######
#...###....
#...##.....
#...##.....
#...##.....
#.......†..
#.........#
#<##......#


You could see a gnoll and an adder.

Vanquished Creatures
  A worm (D:2)
  2 dart slugs
  4 ball pythons
  3 endoplasms (D:1)
  A giant cockroach (D:2)
  5 hobgoblins
  5 kobolds
  2 quokkas
  3 bats
  A frilled lizard (D:2)
  4 goblins (D:1)
  3 rats (D:1)
34 creatures vanquished.

Notes
Turn   | Place    | Note
-------+----------+-------------------------------------------
     0 | D:1      | lmSkywalker the Octopode Transmuter began the quest for the
                  | Orb.
     0 | D:1      | Reached XP level 1. HP: 13/13 MP: 3/3
   443 | D:1      | Reached XP level 2. HP: 18/18 MP: 3/5
   517 | D:1      | Learned a level 2 spell: Wereblood
   581 | D:1      | Reached skill level 1 in Stealth
  1299 | D:2      | Reached XP level 3. HP: 16/23 MP: 4/6
  1799 | D:2      | Slain by a gnoll

Illustrated notes

Levels and vault maps discovered:
D:1:      wheals_arrival_shading, layout_loops_ring
D:2:      layout_basic, chequers_serial_rivers_room_b

Skill      XL: |  1  2 |
---------------+-------+-----
Stealth        | 1 |  1.9
Fighting       | |  1.0
Dodging        | |  2.4
Unarmed Combat | |  3.3
Spellcasting   | |  2.2
Transmutations | |  2.5

Action                   || total
-------------------------++-------
Melee: Unarmed           ||    68
       Constrict         ||    17
       Kick              ||    14
       Tentacles         ||    11
       Punch             ||     1
 Fire: Hunting sling     ||     1
Throw: Stone             ||     9
       Dart              ||     2
 Cast: Beastly Appendage ||    28
       Wereblood         ||     2
 Stab: Sleeping          ||     6
Armor: Skin              ||     1
Dodge: Dodged            ||    34

Table legend: (Time is in decaauts)
 A = Elapsed time spent in this place.
 B = Non-inter-level travel time spent in this place.
 C = Inter-level travel time spent in this place.
 D = Time resting spent in this place.
 E = Time spent auto-exploring this place.
 F = Levels seen in this place.
 G = Mean time per level.
                   A        B        C        D        E       F      G
               +--------+--------+--------+--------+--------+-----+--------+
         Total |   1794 |   1775 |     19 |     43 |   1299 |   2 |  897.0 |
       Dungeon |   1794 |   1775 |     19 |     43 |   1299 |   2 |  897.0 |
               +--------+--------+--------+--------+--------+-----+--------+

Top non-repeatable levels by time:
     D:1: 1207 daAuts
     D:2: 587 daAuts
